 Dungeon Crawl Stone Soup version 0.30-a0-3-gc9032a9cac (webtiles) character file.

Game seed: 4211606086397668806

255 BritishOli the Trooper (level 5, -3/42 HPs)
             Began as a Demonspawn Fighter on Aug 20, 2022.
             Slain by a gnoll
             ... wielding a +0 flail
              (4 damage)
             ... on level 3 of the Dungeon.
             The game lasted 00:01:55 (2562 turns).

BritishOli the Trooper (Demonspawn Fighter)         Turns: 2562, Time: 00:01:56

Health: -3/42      AC:  9    Str: 19    XL:     5   Next: 91%
Magic:  5/5        EV:  9    Int:  9    God:
Gold:   127        SH: 10    Dex: 12    Spells: 4/4 levels left

rFire   . . .      SeeInvis .    a - +0 long sword
rCold   . . .      Faith    .    c - +0 buckler
rNeg    . . .      Spirit   .    b - +0 scale mail
rPois   .          Reflect  +    (helmet restricted)
rElec   .          Harm     .    (no cloak)
rCorr   .          Rampage  .    (no gloves)
Will    .....                    (no boots)
Stlth   ..........               h - amulet of reflection
HPRegen 0.14/turn                (no ring)
MPRegen 0.09/turn                (no ring)

@: no status effects
A: horns 1, slimy green scales 1
a: no special abilities


You were on level 3 of the Dungeon.
You visited 1 branch of the dungeon, and saw 3 of its levels.

You collected 157 gold pieces.
You spent 30 gold pieces at shops.

Inventory:

Hand Weapons
 a - a +0 long sword (weapon)
Armour
 b - a +0 scale mail (worn)
 c - a +0 buckler (worn)
Jewellery
 h - an amulet of reflection (around neck)
 q - a ring of poison resistance
Scrolls
 e - 2 scrolls of noise {unknown}
 f - 4 scrolls of teleportation
 i - a scroll of torment {unknown}
 j - 2 scrolls of silence {unknown}
 k - a scroll of amnesia {unknown}
 l - a scroll of enchant armour {unknown}
 m - a scroll of fear {unknown}
 n - a scroll of butterflies {unknown}
 o - a scroll of acquirement {unknown}
Potions
 d - 2 potions of might
 g - 5 potions of curing {unknown}
 p - a potion of heal wounds {unknown}


   Skills:
 + Level 4.2 Fighting
 + Level 3.1 Long Blades
 + Level 3.8 Armour
 + Level 3.8 Shields


You had 4 spell levels left.
You didn't know any spells.
Your spell library contained the following spells:

 Spells                   Type           Power      Damage    Failure   Level
 Scorch                   Fire           0%         2d5       93%         2
 Flame Wave               Conj/Fire      0%         2d4       100%        4
 Summon Cactus Giant      Summ           0%         N/A       100%        6


Dungeon Overview and Level Annotations

Branches:
Dungeon (3/15)

Altars:

Shops:
D:2 :?*


Innate Abilities, Weirdness & Mutations

You have a pair of small horns on your head.
You are partially covered in slimy green scales. (AC +2)


Message History

You block the gnoll's attack.
There are monsters nearby!
You barely miss the gnoll.
You headbutt the gnoll, but do no damage.
The gnoll hits you but does no damage. You block the gnoll's attack.
The gnoll misses you.
There are monsters nearby!
You hit the gnoll. You headbutt the gnoll.
The gnoll is heavily wounded.
The gnoll hits you with a +0 flail! You block the gnoll's attack. x2
There are monsters nearby!
You barely miss the gnoll.
The gnoll is heavily wounded.
The gnoll hits you but does no damage. You block the gnoll's attack. x2
There are monsters nearby!
You closely miss the gnoll.
The gnoll is heavily wounded.
The gnoll hits you with a +0 flail. You block the gnoll's attack. x3
The gnoll hits you with a +0 flail. The gnoll closely misses you.
There are monsters nearby!
You barely miss the gnoll.
The gnoll is heavily wounded.
You block the gnoll's attack. The gnoll barely misses you.
The gnoll hits you with a +0 halberd.
There are monsters nearby!
You closely miss the gnoll. You headbutt the gnoll.
The gnoll is almost dead.
You block the gnoll's attack. The gnoll hits you with a +0 flail.
You block the gnoll's attack.
There are monsters nearby!
You closely miss the gnoll.
The gnoll is almost dead.
The gnoll hits you with a +0 halberd! The gnoll hits you with a +0 flail!
* * * LOW HITPOINT WARNING * * *
The gnoll closely misses you. x2; The gnoll hits you with a +0 flail.
* * * LOW HITPOINT WARNING * * *
You block the gnoll's attack. The gnoll attacks as you move away!
You block the gnoll's attack. The gnoll attacks as you move away!
The gnoll hits you with a +0 flail.
You die...

## #..... # #..... # #.....# #
#......## .. # #.#.###....#..##
... # ###.#..#..##..... .♣. ##
#..........###gg######.... #.
#........[^#..g@.......#...####.
#..........#....)........# ...#.
#..........#..........##..###.#.
#..........#.............†..#...
##..........#.............##.)...
#....♣....♣..#♣####.##....#......
#....♣♣♣♣♣♣♣..♣... ......##......
##...♣ ♣♣♣...##...........#..
##..♣♣ ♣♣...####.#.........


You could see 3 gnolls.

Vanquished Creatures
  A black bear (D:2)
  Natasha (thrice) (D:2)
  5 adders
  A gnoll (D:3)
  An orc (D:3)
  5 endoplasms
  A giant cockroach (D:1)
  4 goblins
  A hobgoblin (D:3)
  9 kobolds (D:2)
  2 quokkas
  10 ball pythons
  5 bats
  A frilled lizard (D:2)
  A rat (D:2)
50 creatures vanquished.

Notes
Turn   | Place    | Note
-------+----------+-------------------------------------------
     0 | D:1      | BritishOli the Demonspawn Fighter began the quest for the
                  | Orb.
     0 | D:1      | Reached XP level 1. HP: 18/18 MP: 1/1
   760 | D:2      | Gained mutation: You have a pair of small horns on your
                  | head. [demonic ancestry]
   760 | D:2      | Reached XP level 2. HP: 18/24 MP: 2/2
   994 | D:2      | Reached XP level 3. HP: 13/29 MP: 3/3
  1226 | D:2      | Noticed a black bear
  1234 | D:2      | Killed a black bear
  1235 | D:2      | Reached XP level 4. HP: 10/37 MP: 4/4
  1235 | D:2      | Gained mutation: You are partially covered in slimy green
                  | scales. (AC +2) [demonic ancestry]
  1235 | D:2      | Reached XP level 5. HP: 11/42 MP: 5/5
  1455 | D:2      | Found Nakalut's Magic Scroll Emporium.
  1460 | D:2      | Found Xuijury's Assorted Antiques.
  1463 | D:2      | Bought a scroll of teleportation for 30 gold pieces
  1498 | D:2      | Noticed Natasha
  1511 | D:2      | Killed Natasha
  1922 | D:2      | Found Kucsog's Book Boutique.
  1936 | D:2      | Noticed Natasha
  1941 | D:2      | Killed Natasha
  1942 | D:2      | Reached skill level 4 in Fighting
  1959 | D:2      | Noticed Natasha
  1966 | D:2      | Killed Natasha
  2182 | D:2      | Identified the +5 falchion "Necihek" {antimagic, *Rage rF-
                  | Dex+8}
  2561 | D:3      | HP: 1/42 [gnoll/+0 flail (3)]
  2562 | D:3      | Slain by a gnoll

Illustrated notes

Levels and vault maps discovered:
D:1:      saegor_arrival_simple_e, layout_basic
D:2:      minmay_kobold_bridge, layout_basic, serial_co_window_serial,
          co_window_corner_a, co_window_corner_a, co_window_paths_b,
          co_window_paths_a, co_window_paths_a, co_window_cross_4,
          co_window_of_opportunity_b, co_window_broadway_a, co_window_corner_ca,
          co_window_paths_d, glass_columns_b, glass_columns_b, serial_shops,
          nicolae_shop_trees, shop, shop_scrolls, uniq_natasha
D:3:      layout_rooms, chequers_ecumenical_altar_grove, grunt_ministairs_10

Skill      XL: |  1  2  3  4  5 |
---------------+----------------+-----
Long Blades    | 2 3 |  3.1
Shields        | 3 |  3.8
Armour         | 3 |  3.8
Fighting       | 4 |  4.2

Action                   |  1- 3 |  4- 6 || total
-------------------------+-------+-------++-------
Melee: Long sword        |    79 |   100 ||   179
       Headbutt          |     5 |    19 ||    24
Armor: Scale mail        |    35 |    30 ||    65
Dodge: Dodged            |    41 |    41 ||    82
Block: Buckler           |    42 |    69 ||   111
       Reflection        |       |     1 ||     1

Table legend: (Time is in decaauts)
 A = Elapsed time spent in this place.
 B = Non-inter-level travel time spent in this place.
 C = Inter-level travel time spent in this place.
 D = Time resting spent in this place.
 E = Time spent auto-exploring this place.
 F = Levels seen in this place.
 G = Mean time per level.
                   A        B        C        D        E       F      G
               +--------+--------+--------+--------+--------+-----+--------+
         Total |   2632 |   2594 |     38 |    401 |   1752 |   3 |  877.3 |
       Dungeon |   2632 |   2594 |     38 |    401 |   1752 |   3 |  877.3 |
               +--------+--------+--------+--------+--------+-----+--------+

Top non-repeatable levels by time:
     D:2: 1720 daAuts
     D:1: 718 daAuts
     D:3: 193 daAuts
